 Dungeon Crawl Stone Soup version 0.24-a0-769-g368c1644f8 (webtiles) character file.

Game seed: 15894584249436518090, levelgen mode: deterministic

69 Erlindor the Sneak (level 4, -1/30 HPs)
             Began as a Vampire Enchanter on Oct 6, 2019.
             Shot with an arrow by a centaur (12 damage)
             ... on level 2 of the Dungeon.
             The game lasted 00:06:50 (1883 turns).

Erlindor the Sneak (Vampire Enchanter)              Turns: 1883, Time: 00:06:50

Health: -1/30      AC:  3    Str:  7    XL:     4   Next: 2%
Magic:  3/7        EV: 12    Int: 18    God:
Gold:   69         SH:  0    Dex: 14    Spells: 2/8 levels left

rFire    + . .     SeeInvis +   a - +1 dagger
rCold    . . .     Gourm    .   (no shield)
rNeg     . . .     Faith    .   b - +0 robe
rPois    .         Spirit   .   (no helmet)
rElec    .         Reflect  .   (no cloak)
rCorr    .         Harm     .   (no gloves)
MR       .....                  o - +0 pair of boots
Stlth    +++.......             (no amulet)
HPRegen  0.30/turn              m - ring of protection from fire
MPRegen  0.10/turn              (no ring)

@: very slightly contaminated, regenerating quickly
A: no food, fangs 3, see invisible, unbreathing
a: Exsanguinate


You were on level 2 of the Dungeon.
You were alive.

You visited 1 branch of the dungeon, and saw 2 of its levels.

You collected 69 gold pieces.

Inventory:

Hand Weapons
 a - a +1 dagger (weapon)
Missiles
 c - 81 stones (quivered)
Armour
 b - a +0 robe (worn)
 o - a +0 pair of boots (worn)
Jewellery
 k - an uncursed ring of stealth {unknown}
 m - a ring of protection from fire (left hand)
Scrolls
 d - 2 scrolls of teleportation {unknown}
 f - 4 scrolls of identify {unknown}
 g - 3 scrolls of enchant weapon {unknown}
 h - a scroll of immolation {unknown}
 i - a scroll of random uselessness {unknown}
 n - a scroll of remove curse {unknown}
Potions
 e - 2 potions of brilliance {unknown}
 j - a potion of might {unknown}
 l - 2 potions of heal wounds {unknown}


   Skills:
 * Level 2.4 Short Blades
 - Level 2.2 Dodging
 + Level 5.1 Stealth
 + Level 2.5 Spellcasting
 - Level 5.0 Hexes
 + Level 1.0 Ice Magic


You had 2 spell levels left.
You knew the following spells:

 Your Spells              Type           Power        Failure   Level  Hunger
a - Corona                Hex            ###....      2%          1    N/A
b - Ensorcelled Hibernat  Hex/Ice        ##....       8%          2    N/A
c - Confuse               Hex            ###.....     6%          3    N/A

Your spell library contained the following spells:

 Spells                   Type           Power        Failure   Level  Hunger
 Tukima's Dance           Hex            ###.....     6%          3    N/A
 Dazzling Spray           Conj/Hex       ##....       19%         3    N/A

Dungeon Overview and Level Annotations

Branches:
Dungeon (2/15)

Altars:
Uskayaw
The Shining One


Innate Abilities, Weirdness & Mutations

You do not eat.
Your natural rate of healing is unusually fast.
You have razor-sharp teeth.
You have supernaturally acute eyesight. (SInv)
You can survive without breathing.


Message History

You see here an arrow.
Casting: Ensorcelled Hibernation (safe; 8% risk of failure)
Confirm with . or Enter, or press ? or * to list all spells.
Aiming: Ensorcelled Hibernation (safe; 8% risk of failure)
Press: ? - help, Shift-Dir - straight line, f - centaur
Aim: a centaur, wielding a +0 shortbow (chance to defeat MR: 44%)
The centaur resists with some effort.
The centaur shoots an arrow.
The arrow hits you!
The centaur shoots an arrow.
The arrow barely misses you.
The centaur shoots an arrow.
The arrow hits you but does no damage.
You see here an arrow.
Casting: Ensorcelled Hibernation (safe; 8% risk of failure)
Confirm with . or Enter, or press ? or * to list all spells.
Aiming: Ensorcelled Hibernation (safe; 8% risk of failure)
Press: ? - help, Shift-Dir - straight line, f/p - centaur
Aim: a centaur, wielding a +0 shortbow (chance to defeat MR: 44%)
You miscast Ensorcelled Hibernation.
You are very lightly contaminated with residual magic.
Your hands glow momentarily.
The centaur shoots an arrow.
The arrow hits you!
The centaur shoots an arrow.
The arrow hits you!
You die...

########## ###........#
.......###'########
##.....##...##....#
#.....##.#†###.#.######
#.....##.#.##c...(....#######
#.##.###.#.###.#(####.......#
#.######.#.## #@.# #.#####.#
##.# ##..#..###### #.# #.#
#..# ##..###..## #.# #.####
#..###....#....## #.## #.....
...##...........######<.##
######
...#######.#######.....#.##
...######._.# #####.###.##
.......###.## #.##.## ##.#
#...######## #.###.###.≈#


You could see a centaur.

Vanquished Creatures
  2 adders (D:2)
  A shadow imp (D:2)
  A worm (D:2)
  A dart slug (D:1)
  A leopard gecko (D:1)
  A ball python (D:2)
  4 giant cockroaches
  3 goblins
  5 hobgoblins
  6 jackals (D:1)
  3 bats (D:1)
  A frilled lizard (D:1)
  4 kobolds
  2 rats
35 creatures vanquished.

Notes
Turn   | Place    | Note
-------+----------+-------------------------------------------
     0 | D:1      | Erlindor the Vampire Enchanter began the quest for the Orb.
     0 | D:1      | Reached XP level 1. HP: 13/13 MP: 3/3
   171 | D:1      | Reached XP level 2. HP: 19/19 MP: 5/5
   254 | D:1      | Reached skill level 5 in Hexes
   527 | D:1      | Learned a level 2 spell: Ensorcelled Hibernation
   976 | D:2      | Reached XP level 3. HP: 24/24 MP: 3/6
  1007 | D:2      | Noticed a centaur
  1440 | D:2      | Reached skill level 5 in Stealth
  1583 | D:2      | Found a glowing golden altar of the Shining One.
  1702 | D:2      | Learned a level 3 spell: Confuse
  1703 | D:2      | Found a hide-covered altar of Uskayaw.
  1781 | D:2      | Reached skill level 1 in Ice Magic
  1781 | D:2      | Reached XP level 4. HP: 30/30 MP: 3/7
  1883 | D:2      | Shot with an arrow by a centaur

Levels and vault maps discovered:
D:1:      lemuel_arrival_hallway, layout_loops_ring, grunt_decor_cap
D:2:      layout_loops_ring, overflow_temple_1_default, first_ration,
          chequers_serial_rivers_small_a, nicolae_tso_swordbearing_angel

Skill      XL: |  1  2  3 |
---------------+----------+-----
Hexes          | 5 |  5.0
Short Blades   | 2 |  2.4
Stealth        | 5 |  5.1
Ice Magic      | 1 |  1.0
Dodging        | |  2.2
Spellcasting   | |  2.5

Action                   |  1- 3 |  4- 6 || total
-------------------------+-------+-------++-------
Melee: Dagger            |   110 |       ||   110
       Bite              |     9 |       ||     9
 Cast: Corona            |    13 |       ||    13
       Ensorcelled Hiber |    16 |     1 ||    17
 Stab: Sleeping          |    20 |       ||    20
Armor: Robe              |    24 |       ||    24
Dodge: Dodged            |    69 |     1 ||    70

Table legend:
 A = Non-vault XP
 B = Vault XP
 C = Vault XP percentage of total XP
 D = Non-vault monster count
 E = Vault monster count
 F = Vault count percentage of total count
                 A         B        C        D         E       F
            +---------+---------+-------+---------+---------+-------
      Total |      99 |       0 |   0.0 |      35 |       0 |   0.0
            +---------+---------+-------+---------+---------+-------
        D:1 |      39 |       0 |   0.0 |      21 |       0 |   0.0
        D:2 |      60 |       0 |   0.0 |      14 |       0 |   0.0
            +---------+---------+-------+---------+---------+-------
